AoeStats
← joahellen22

Arena

509317728Analyzed
1v1 RM · 6d ago on Sep 26, 2026· 50m 18s· 2 players
Game mode
Random Map
Map size
Tiny (2 player)
Population
200
Speed
Normal
Resources
Standard
Victory
Conquest
Starting age
Dark Age
Ending age
Imperial Age
RankedLock teamsTeams togetherTeam positionsShared explorationLock speedFull tech treeHidden civsTurbo modeCheats
Victory
Defeat
🇻🇳 Mongols · Vietnam
727
+17
🇳🇱 Spanish · Netherlands
746
-41
Hauhk91
8:06 Loom
8:41 Loom
10:26 Feudal Age
12:46 Double-Bit Axe
12:42 Horse Collar
16:34 Castle Age
15:14 Forging
16:14 Bloodlines
17:20 Scale Barding Armor
17:09 Fletching
18:05 Light Cavalry
20:56 Fervor
21:31 Ballistics
22:15 Padded Archer Armor
24:01 Nomads
26:00 Bow Saw
26:10 Leather Archer Armor
27:39 Wheelbarrow
31:31 Imperial Age
30:16 Bodkin Arrow
30:28 Scale Barding Armor
30:58 Herbal Medicine
32:36 Conscription
32:36 Husbandry
34:10 Iron Casting
33:57 Chain Barding Armor
36:03 Bracer
36:30 Hussar
37:53 Gold Mining
37:54 Stone Mining
39:02 Hand Cart
40:13 Chemistry
41:25 Parthian Tactics
41:28 Heavy Plow
41:14 Elite Mangudai
42:34 Stone Shaft Mining
42:35 Gold Shaft Mining
41:52 Elite Steppe Lancer
44:55 Murder Holes
45:43 Capped Ram
46:47 Drill
48:04 Siege Engineers
48:37 Hoardings
50:25 Blast Furnace
joahellen22
0:40 Loom
11:27 Feudal Age
13:26 Wheelbarrow
12:38 Town Watch
15:54 Padded Archer Armor
15:45 Fletching
19:21 Forging
19:17 Scale Barding Armor
19:14 Scale Mail Armor
22:16 Castle Age
23:56 Chain Barding Armor
23:55 Chain Mail Armor
24:16 Iron Casting
24:00 Leather Archer Armor
25:11 Inquisition
26:13 Double-Bit Axe
26:11 Horse Collar
29:03 Hand Cart
28:53 Town Patrol
28:49 Gold Mining
32:46 Bloodlines
32:38 Husbandry
Connection lost

Rejoining the realm…

Still unreachable

The connection could not be restored.

Session expired

The server has moved on; the page needs a fresh start.